 Dungeon Crawl Stone Soup version v3.33-hellcrawl-87-gc32ded8 (webtiles) character file.

83 wearedevo the Chopper (level 5, 0/45 HPs)
             Began as a Hill Orc Abyssal Knight on Aug 18, 2017.
             Was a Believer of Lugonu.
             Slain by a shadow imp (1 damage)
             ... summoned by Natasha
             ... on level 3 of the Dungeon.
             The game lasted 00:03:46 (2118 turns).

wearedevo the Chopper (Hill Orc Abyssal Knight)     Turns: 2118, Time: 00:03:47

Health: 0/45       AC:  3 (14%)Str: 16  XL:     5   Next: 87%
Magic:  0/9        EV: 11    Int: 12    God:    Lugonu [**....]
Gold:   174        SH:  0    Dex: 16    Spells: 4/4 levels left

rFire    . . .     SeeInvis .   a - +1 hand axe
rCold    . . .     Faith    .   (no shield)
rNeg     . . .     Spirit   +   b - +0 leather armour
rPois    .         Reflect  .   (no helmet)
rElec    .                      (no cloak)
rCorr    .                      (no gloves)
MR       .....                  (no boots)
Stlth    +.........             t - amulet of guardian spirit
Regen    0.2/turn               p - +6 ring of dexterity
MPRegen  0.2/turn               (no ring)

@: slowed, very slow
A: no striking features
a: Depart the Abyss, Bend Space, Renounce Religion


You were on level 3 of the Dungeon.
You worshipped Lugonu.
Lugonu was pleased with you.
You were not hungry.

You visited 1 branch of the dungeon, and saw 3 of its levels.
You visited the Abyss 1 time.

You collected 174 gold pieces.

Inventory:

Hand Weapons
 a - a +1 hand axe (weapon)
Missiles
 d - 470 stones (quivered)
 e - 257 arrows
 h - 92 bolts
 i - 14 frenzy darts
 k - 13 curare darts
Armour
 b - a +0 leather armour (worn)
Jewellery
 j - an uncursed ring of ice
 m - a +3 amulet of reflection
 p - a +6 ring of dexterity (left hand)
 q - an uncursed ring of resist corrosion
 r - an uncursed ring of protection from magic
 s - an uncursed ring of protection from magic
 t - an amulet of guardian spirit (around neck)
Scrolls
 g - a scroll of amnesia
 l - 4 scrolls of teleportation
 n - a scroll of enchant armour
 u - a scroll of magic mapping
Potions
 c - 2 potions of heal wounds
 f - a potion of curing {@q1}
 o - a potion of haste


   Skills:
 - Level 3.6 Fighting
 + Level 5.8 Axes
 - Level 2.1 Armour
 - Level 0.7 Dodging
 + Level 5.6 Invocations


You had 4 spell levels left.
You didn't know any spells.

Dungeon Overview and Level Annotations

Branches:
Dungeon (3/15)

Altars:
Gozag
Yredelemnul

Annotations:
D:3 Natasha


Message History

* * * LOW HITPOINT WARNING * * *
You take 6 damage, and have 7/45 hp.
You now have 2/9 mp.
You barely miss Natasha.
Natasha is almost dead.
Natasha closely misses you.
Natasha casts a spell.
You barely miss Natasha.
Natasha is almost dead.
You hit the shadow imp (1). Natasha claws you (2).
* * * LOW HITPOINT WARNING * * *
The shadow imp misses you.
You take 1 damage, and have 7/45 hp.
You now have 2/9 mp.
You closely miss Natasha.
Natasha is almost dead.
You closely miss the shadow imp. Natasha claws you (4).
* * * LOW HITPOINT WARNING * * *
The shadow imp hits you (4).
* * * LOW HITPOINT WARNING * * *
Natasha closely misses you. The shadow imp hits you (1).
You die...

##### #...# ##
############...########.
#.....................'.
.>....h@5..........####.
############..)###..# ##
#...# ##.###. #...#
#..##. ##### ##.##.
#..#. ##.#. #..# ##.#


You could see Natasha and a shadow imp.

Vanquished Creatures
  A centaur (D:3)
  A scorpion (D:3)
  An adder (D:2)
  An ooze (D:2)
  2 dart slugs
  5 quokkas
  A giant cockroach (D:1)
  2 gnoll zombies (D:3)
  4 goblins
  9 hobgoblins
  8 jackals
  6 kobolds
  4 bats
  3 frilled lizards (D:2)
  10 rats
58 creatures vanquished.

Vanquished Creatures (others)
  4 toadstools (D:1)
4 creatures vanquished.

Grand Total: 62 creatures vanquished

Notes
Turn   | Place    | Note
-------+----------+-------------------------------------------
     0 | Abyss:1  | wearedevo the Hill Orc Abyssal Knight began the quest for the Orb.
     0 | Abyss:1  | Reached XP level 1. HP: 19/19 MP: 2/2
    27 | Abyss:1  | Noticed a large abomination
    50 | Abyss:1  | Noticed a large abomination
    72 | Abyss:2  | Found a corrupted altar of Lugonu.
    97 | Abyss:2  | Noticed a large abomination
   102 | Abyss:2  | Noticed an ancient zyme
   106 | D:1      | Escaped the Abyss
   321 | D:1      | Reached * piety under Lugonu
   321 | D:1      | Reached XP level 2. HP: 26/26 MP: 4/4
   536 | D:1      | Reached XP level 3. HP: 16/31 MP: 5/5
  1063 | D:2      | Found a faded altar of an unknown god.
  1087 | D:2      | Reached XP level 4. HP: 35/39 MP: 6/6
  1173 | D:2      | Reached ** piety under Lugonu
  1217 | D:2      | Found an opulent altar of Gozag.
  1631 | D:3      | Noticed a centaur
  1641 | D:3      | Killed a centaur
  1641 | D:3      | Reached skill level 5 in Axes
  1641 | D:3      | Reached skill level 5 in Invocations
  1641 | D:3      | Reached XP level 5. HP: 24/45 MP: 4/8
  1683 | D:3      | Found a basalt altar of Yredelemnul.
  1737 | D:3      | HP: 2/45 [poisoned by a scorpion]
  2089 | D:3      | Noticed Natasha
  2118 | D:3      | HP: 1/45 [shadow imp[Natasha] (2)]
  2118 | D:3      | Slain by a shadow imp

Skill      XL: |  1  2  3  4 |
---------------+-------------+-----
Axes           | 3 4 5 |  5.8
Invocations    | 3 5 |  5.6
Fighting       | |  3.6
Armour         | |  2.1
Dodging        | |  0.7

Action                   |  1- 3 |  4- 6 || total
-------------------------+-------+-------++-------
Melee: Hand axe          |    82 |    87 ||   169
Invok: Depart the Abyss  |     1 |       ||     1
       Bend Space        |       |     1 ||     1
  Use: Potion            |       |     2 ||     2
 Stab: Sleeping          |       |     1 ||     1
Armor: Leather armour    |    27 |    14 ||    41
Dodge: Dodged            |    73 |    40 ||   113
Block: Other             |    10 |       ||    10
